[Event "Titled Tuesday Blitz February 07 Late 2023"]
[White "reevecanada"]
[Black "Lopez Del Alamo, Antonio"]
[BlackFideId "2227339"]
[WhiteElo "2474"]
[BlackElo "2280"]
[Result "1-0"]
[Round "03"]
[TimeControl "180+2"]
[Date "2023.02.07"]
[WhiteClock "0:02:29"]
[BlackClock "0:00:27"]

1. e4 c5 2. Bc4 e6 3. b4 cxb4 4. d4 d5 5. exd5 exd5 6. Bd3 Nf6 7. Ne2 Nc6 8. O-O Be7 9. h3 O-O 10. a3 bxa3 11. Bxa3 Bxa3 12. Nxa3 Be6 13. c3 Qd7 14. Nc2 Bf5 15. Bxf5 Qxf5 16. Ne3 Qg5 17. Qb3 b6 18. Kh2 Na5 19. Qb5 Rfc8 20. f4 Qh5 21. g4 Qh4 22. Nf5 Nxg4+ 23. Kg2 Qh5 24. Neg3 Qg6 25. hxg4 Qxg4 26. Ne7+ Kh8 27. Nxc8 Rxc8 28. Qxd5 Nc4 29. Rfe1 h5 30. Qxh5+ 1-0


[Site "https://www.chess.com"]

[Event "Titled Tuesday Blitz February 07 Late 2023"]
[White "Antonova, Nadezhda"]
[Black "Suarez Uriel, Adrian"]
[WhiteFideId "14700182"]
[BlackFideId "22230874"]
[WhiteElo "1945"]
[BlackElo "2356"]
[Result "1-0"]
[Round "03"]
[TimeControl "180+2"]
[Date "2023.02.07"]
[WhiteClock "0:02:05"]
[BlackClock "0:02:19"]

1. Nf3 Nf6 2. b3 g6 3. Bb2 Bg7 4. g3 b6 5. Bg2 Bb7 6. O-O O-O 7. c4 e6 8. e3 Qe7 9. Nc3 c5 10. d4 Na6 11. d5 exd5 12. Nxd5 Nxd5 13. Bxg7 Nxe3 14. Bxf8 Rxf8 15. fxe3 Qxe3+ 16. Kh1 Nb4 17. Qd2 Qe6 18. Rae1 Qg4 19. Ne5 Bxg2+ 20. Qxg2 Qh5 21. Nxd7 Rd8 22. Nf6+ 1-0


[Site "https://www.chess.com"]

[Event "Titled Tuesday Blitz February 07 Late 2023"]
[White "Kovalevsky, Stanislav"]
[Black "Dudzinski, Pawel"]
[WhiteFideId "13508598"]
[BlackFideId "1117890"]
[WhiteElo "2237"]
[BlackElo "2186"]
[Result "0-1"]
[Round "03"]
[TimeControl "180+2"]
[Date "2023.02.07"]
[WhiteClock "0:00:11"]
[BlackClock "0:00:15"]

1. c4 c6 2. e4 d5 3. exd5 cxd5 4. cxd5 Nf6 5. Nc3 Nxd5 6. Bc4 Nb6 7. Bb3 e6 8. Nf3 Nc6 9. d4 Be7 10. O-O O-O 11. Re1 Na5 12. Bc2 Bf6 13. Qd3 g6 14. Bh6 Re8 15. b3 Nd5 16. Nxd5 exd5 17. Qb5 Rxe1+ 18. Rxe1 Be6 19. Bd3 a6 20. Qb4 Rc8 21. h3 Nc6 22. Qa4 Qb6 23. Be3 Qb4 24. Qxb4 Nxb4 25. Bb1 Nc2 26. Rc1 Nxe3 27. Rxc8+ Bxc8 28. fxe3 Kf8 29. Kf2 Ke7 30. Ne1 Kd6 31. Bd3 a5 32. Ke2 Bd7 33. Nc2 Bh4 34. e4 dxe4 35. Bxe4 b6 36. Ne3 f5 37. Nc4+ Kc7 38. Bf3 Bf6 39. Kd3 a4 40. Ne5 Bb5+ 41. Kc3 axb3 42. axb3 g5 43. Bd5 h5 44. Bf7 h4 45. Be6 f4 46. Bd5 Bxe5 47. dxe5 Bc6 48. Kd4 Bxd5 49. Kxd5 g4 50. Ke4 f3 51. hxg4 fxg2 52. g5 g1=Q 53. Kf5 Kd7 54. g6 Ke7 55. g7 Qxg7 56. b4 h3 57. Ke4 h2 58. b5 h1=Q+ 59. Kd4 Ke6 60. Kc4 Qxe5 61. Kb4 Qc5+ 62. Ka4 Qa1+ 63. Kb3 Qb1+ 64. Ka4 Qcb4# 0-1


[Site "https://www.chess.com"]

[Event "Titled Tuesday Blitz February 07 Late 2023"]
[White "Jesusesmifuerza"]
[Black "Bozorov, Makhsum"]
[BlackFideId "14201330"]
[WhiteElo "2043"]
[BlackElo "2145"]
[Result "0-1"]
[Round "03"]
[TimeControl "180+2"]
[Date "2023.02.07"]
[WhiteClock "0:00:57"]
[BlackClock "0:01:48"]

1. d4 Nf6 2. Nc3 c5 3. d5 e5 4. e4 d6 5. Nf3 Be7 6. Be2 O-O 7. h3 a6 8. O-O Nbd7 9. a4 g6 10. Bh6 Re8 11. Bg5 Nh5 12. Be3 Bf8 13. Qd2 Bg7 14. Ng5 Nhf6 15. Nf3 Rf8 16. Nh2 Qe7 17. Ng4 Nxg4 18. Bxg4 f5 19. Bg5 Bf6 20. Bxf6 Nxf6 21. Bf3 f4 22. Bd1 g5 23. f3 h5 24. Kh2 Rf7 25. Ne2 Rg7 26. g3 Qd7 27. g4 Rh7 28. Kg2 hxg4 29. hxg4 Nxg4 30. fxg4 Qxg4+ 31. Kf2 Rh2+ 32. Ke1 Qh4+ 0-1


[Site "https://www.chess.com"]

[Event "Titled Tuesday Blitz February 07 Late 2023"]
[White "Harish, Neeraj"]
[Black "Schroeder, Jan-Christian"]
[WhiteFideId "30958130"]
[BlackFideId "24662259"]
[WhiteElo "2232"]
[BlackElo "2553"]
[Result "1-0"]
[Round "03"]
[TimeControl "180+2"]
[Date "2023.02.07"]
[WhiteClock "0:00:10"]
[BlackClock "0:00:16"]

1. e4 c5 2. Nf3 d6 3. d4 cxd4 4. Nxd4 Nf6 5. Nc3 a6 6. Be3 e5 7. Nb3 Be7 8. f3 h5 9. Qd2 Be6 10. Nd5 Nxd5 11. exd5 Bf5 12. Be2 Nd7 13. Na5 Qc7 14. c4 Bh4+ 15. g3 Bf6 16. O-O O-O 17. Rac1 Rfe8 18. b4 e4 19. f4 g6 20. c5 Nf8 21. Nc4 dxc5 22. bxc5 Rad8 23. d6 Qb8 24. Nb6 Ne6 25. Rfd1 Bg7 26. Qb4 Bg4 27. Bxg4 hxg4 28. Nd5 Kh8 29. Nb6 Bf6 30. d7 Rf8 31. c6 bxc6 32. Rxc6 Bg7 33. Bc5 Nxc5 34. Qxc5 Qb7 35. Rc8 Qb8 36. Rxb8 Rxb8 37. Qc7 Rbd8 38. Nc4 Bf6 39. Kg2 Kg7 40. Ne5 Rb8 41. Nc6 Rb2+ 42. Kg1 Rc2 43. d8=Q Bxd8 44. Rxd8 Rxd8 45. Qxd8 Rxc6 46. Qd4+ Kh7 47. Qxe4 Re6 48. Qd4 Kg8 49. Qc4 Kg7 50. a4 Kg8 51. Kg2 Kg7 52. h3 gxh3+ 53. Kxh3 Kg8 54. Qc8+ Kg7 55. a5 Kf6 56. Qd8+ Kg7 57. Kg4 Rf6 58. Qd4 1-0


[Site "https://www.chess.com"]

[Event "Titled Tuesday Blitz February 07 Late 2023"]
[White "Wang, Jalen"]
[Black "Rose, Felix"]
[WhiteFideId "2078058"]
[BlackFideId "5105722"]
[WhiteElo "2136"]
[BlackElo "2091"]
[Result "1-0"]
[Round "03"]
[TimeControl "180+2"]
[Date "2023.02.07"]
[WhiteClock "0:02:41"]
[BlackClock "0:01:03"]

1. d4 d5 2. Bf4 e6 3. e3 Nf6 4. Nc3 Bd6 5. Bg3 O-O 6. Nf3 c5 7. Qd2 a6 8. Ne5 b5 9. f4 b4 10. Ne2 Ne4 11. Qd1 c4 12. Ng1 f6 13. Ng4 c3 14. b3 a5 15. Nf2 f5 16. Nf3 a4 17. Bd3 Ba6 18. Bh4 Qc7 19. Bxe4 dxe4 20. Ng5 Re8 21. Qh5 h6 22. Qxe8+ 1-0


[Site "https://www.chess.com"]

[Event "Titled Tuesday Blitz February 07 Late 2023"]
[White "De Arruda, Leandro Formes"]
[Black "Cardoso Cardoso, Jose Gabriel"]
[WhiteFideId "22722009"]
[BlackFideId "4430492"]
[WhiteElo "1980"]
[BlackElo "2492"]
[Result "0-1"]
[Round "03"]
[TimeControl "180+2"]
[Date "2023.02.07"]
[WhiteClock "0:00:14"]
[BlackClock "0:00:06"]

1. d4 d5 2. Nf3 c5 3. e3 Nc6 4. c3 Bg4 5. Be2 e6 6. O-O Nf6 7. Ne5 Bxe2 8. Qxe2 Qc7 9. f4 Be7 10. Nd2 O-O 11. b3 Rac8 12. Bb2 b6 13. Rac1 Rfe8 14. g4 Nd7 15. g5 f6 16. Nxd7 Qxd7 17. h4 f5 18. Nf3 Bd6 19. h5 cxd4 20. cxd4 Rc7 21. a3 Na5 22. Qd3 Rec8 23. Rxc7 Rxc7 24. Rc1 Rxc1+ 25. Bxc1 Qc6 26. Bd2 Kf7 27. g6+ hxg6 28. hxg6+ Kxg6 29. Nh4+ Kf7 30. Qe2 Nxb3 31. Qh5+ Ke7 32. Qg5+ Ke8 33. Qg6+ Kd8 34. Be1 Be7 35. Nf3 Bf6 36. Qf7 Qd7 37. Qg8+ Kc7 38. Bb4 a5 39. Be1 Kb7 40. Bh4 Nd2 41. Nxd2 Bxh4 42. Qh8 Bf6 43. Qg8 Qc6 44. Qf7+ Ka6 45. Qf8 Kb5 46. Qb8 Ka4 47. Qf8 Qc1+ 48. Nf1 Qc6 49. Kf2 b5 50. Kf3 b4 51. axb4 axb4 52. Qb8 Kb3 53. Qa7 Kc3 54. Qa1+ Kb3 55. Qc1 Qxc1 56. Kf2 Qc2+ 57. Nd2+ Qxd2+ 58. Kf3 Kc3 59. e4 dxe4+ 60. Kg3 Qe3+ 61. Kh2 Qxf4+ 62. Kg2 Qf3+ 63. Kh2 Qg4 64. d5 exd5 65. Kh1 e3 66. Kh2 e2 67. Kh1 e1=Q+ 68. Kh2 Qeg1# 0-1


[Site "https://www.chess.com"]

[Event "Titled Tuesday Blitz February 07 Late 2023"]
[White "Nefedov, Sergey"]
[Black "Olsson, William"]
[WhiteFideId "24113417"]
[BlackFideId "1741721"]
[WhiteElo "2300"]
[BlackElo "2355"]
[Result "1-0"]
[Round "03"]
[TimeControl "180+2"]
[Date "2023.02.07"]
[WhiteClock "0:00:51"]
[BlackClock "0:00:36"]

1. d4 d5 2. Nf3 Nf6 3. c4 e6 4. Nc3 c6 5. Bg5 h6 6. Bxf6 Qxf6 7. Qb3 dxc4 8. Qxc4 b5 9. Qd3 a6 10. e4 Bb7 11. e5 Qd8 12. Ne4 Nd7 13. Rc1 Bb4+ 14. Nfd2 O-O 15. a3 Be7 16. Be2 Qb6 17. Qe3 Rfd8 18. O-O Rac8 19. b4 a5 20. Nc5 axb4 21. axb4 Qc7 22. Nde4 Nb6 23. Rb1 Nd5 24. Qg3 Ra8 25. f4 Ra2 26. Bh5 Bxc5 27. dxc5 Ne7 28. Nd6 Nf5 29. Bxf7+ Kf8 30. Nxf5 Qxf7 31. Nd6 Qe7 32. f5 Bc8 1-0


[Site "https://www.chess.com"]

[Event "Titled Tuesday Blitz February 07 Late 2023"]
[White "EdmundPlayer"]
[Black "Rostomyan, Mikayel"]
[BlackFideId "13313754"]
[WhiteElo "2275"]
[BlackElo "2222"]
[Result "0-1"]
[Round "03"]
[TimeControl "180+2"]
[Date "2023.02.07"]
[WhiteClock "0:00:01"]
[BlackClock "0:01:04"]

1. e4 a6 2. d4 b5 3. a4 b4 4. c3 e6 5. cxb4 Bxb4+ 6. Bd2 Qe7 7. Nc3 Bb7 8. Bd3 Nf6 9. Nge2 d5 10. f3 c5 11. e5 Nfd7 12. O-O Nc6 13. f4 cxd4 14. Na2 Bxd2 15. Qxd2 Nc5 16. Rae1 Nxa4 17. Bb1 Qc5 18. Rc1 Qb6 19. Kh1 Qxb2 20. Qd3 Qb5 21. Qa3 Qxe2 22. Rfe1 Qb5 23. Bd3 Qb2 24. Qxa4 O-O 25. Rc2 Qb6 26. Rd2 Qa5 27. Qxa5 Nxa5 28. Rb1 Bc6 29. Rdb2 Nc4 30. Rc2 Bb5 0-1


[Site "https://www.chess.com"]

[Event "Titled Tuesday Blitz February 07 Late 2023"]
[White "Yang, Qindong"]
[Black "Osmonbekov, Talaibek"]
[WhiteFideId "8603758"]
[BlackFideId "2017253"]
[WhiteElo "2127"]
[BlackElo "2137"]
[Result "1/2-1/2"]
[Round "03"]
[TimeControl "180+2"]
[Date "2023.02.07"]
[WhiteClock "0:00:07"]
[BlackClock "0:00:05"]

1. d4 e6 2. c4 f5 3. Nc3 Nf6 4. Qc2 Bb4 5. e3 O-O 6. Bd3 b6 7. Ne2 Bb7 8. O-O a5 9. e4 fxe4 10. Nxe4 Nxe4 11. Bxe4 Bxe4 12. Qxe4 Nc6 13. d5 exd5 14. cxd5 Ne7 15. Bg5 h6 16. Bh4 g5 17. Bg3 Nf5 18. a3 Bc5 19. Rac1 Qf6 20. Rc2 Rae8 21. Qc4 Nd6 22. Qg4 Re4 23. Qxd7 Rfe8 24. Nc3 Re1 25. Rc1 Rxf1+ 26. Rxf1 Re7 27. Qd8+ Kg7 28. h3 h5 29. Kh1 Nf5 30. Bxc7 g4 31. d6 Rf7 32. Qxf6+ Kxf6 33. Ne4+ Kg6 34. Nxc5 bxc5 35. Rd1 Nd4 36. hxg4 hxg4 37. Kg1 g3 38. Rd2 Rd7 39. fxg3 Nb5 40. Rd5 Nxc7 41. dxc7 Rxc7 42. Kf2 a4 43. Ke3 c4 44. Kd4 Rb7 45. Kxc4 Rxb2 46. Rd3 Kg5 47. Kc5 Kg4 48. Rc3 Rb3 49. Rc4+ Kxg3 50. Rxa4 Kxg2 51. Ra7 Kf3 52. Kc4 Rb1 53. a4 Ke4 54. a5 Rc1+ 55. Kb4 Rb1+ 56. Kc5 Rc1+ 57. Kb5 Rb1+ 58. Kc4 Rc1+ 59. Kb5 Rb1+ 60. Ka6 Kd5 61. Rc7 Kd6 62. Rc2 Rb3 63. Ka7 Rb1 64. a6 Kd7 65. Ka8 Rb3 66. Ka7 Rb1 67. Ka8 Rb3 68. Rc4 Rb1 69. Rc5 Rb3 70. Ka7 Rb1 71. Ka8 Rb3 72. Ka7 Rb1 73. Ka8 1/2-1/2


[Site "https://www.chess.com"]

[Event "Titled Tuesday Blitz February 07 Late 2023"]
[White "Pniaczek, Marek"]
[Black "Toncheva, Nadya"]
[WhiteFideId "21800421"]
[BlackFideId "2924056"]
[WhiteElo "2228"]
[BlackElo "2295"]
[Result "0-1"]
[Round "03"]
[TimeControl "180+2"]
[Date "2023.02.07"]
[WhiteClock "0:01:31"]
[BlackClock "0:02:20"]

1. e4 c5 2. Nf3 Nc6 3. Bb5 e6 4. O-O Nge7 5. Re1 a6 6. Bf1 d5 7. exd5 Nxd5 8. Nc3 Nxc3 9. bxc3 Be7 10. d4 O-O 11. Bf4 Bf6 12. Be3 Qc7 13. Bd3 Rd8 14. Qe2 b5 15. Be4 Bb7 16. Rad1 Ne7 17. Bxb7 Qxb7 18. dxc5 Bxc3 19. Rxd8+ Rxd8 20. Rd1 Nd5 21. Bd4 Bxd4 22. Nxd4 Nc3 0-1


[Site "https://www.chess.com"]

[Event "Titled Tuesday Blitz February 07 Late 2023"]
[White "Alexikov, Alexander"]
[Black "Dushyant Sharma"]
[WhiteFideId "14103958"]
[BlackFideId "25065130"]
[WhiteElo "2209"]
[BlackElo "2355"]
[Result "1/2-1/2"]
[Round "03"]
[TimeControl "180+2"]
[Date "2023.02.07"]
[WhiteClock "0:00:02"]
[BlackClock "0:01:02"]

1. e4 d5 2. exd5 Nf6 3. d4 Bg4 4. f3 Bf5 5. c4 e6 6. Nc3 exd5 7. Bg5 c6 8. Rc1 Be7 9. Nge2 O-O 10. Ng3 Bg6 11. h4 Nh5 12. Bxe7 Qxe7+ 13. Kf2 Re8 14. Qd2 Nxg3 15. Kxg3 dxc4 16. Bxc4 Nd7 17. h5 Bf5 18. Qf4 Be6 19. Rce1 Nf8 20. d5 cxd5 21. Nxd5 Qc5 22. Nc7 Rec8 23. Nxe6 Qxc4 24. Nxf8 Qxf4+ 25. Kxf4 Kxf8 26. Rc1 Ke7 27. g4 h6 28. Ke5 a5 29. a4 Rab8 30. b3 b5 31. Rhe1 bxa4 32. bxa4 f6+ 33. Kd5+ Kf7 34. Rxc8 Rxc8 35. Rb1 Rd8+ 36. Ke4 Re8+ 37. Kf4 Re5 38. Rb7+ Kg8 39. Ra7 Rc5 40. Ke3 f5 41. Kf4 fxg4 42. Kxg4 Rc4+ 43. Kf5 Rxa4 44. Kg6 Rf4 45. Rxg7+ Kf8 46. Ra7 Rxf3 47. Rxa5 Rb3 48. Kxh6 Rb6+ 49. Kg5 Rb8 50. Rc5 Kg8 51. Kg6 Kh8 52. h6 Ra8 53. Rc6 Rb8 54. h7 Ra8 55. Rd6 Rb8 56. Re6 Rf8 57. Kh6 Ra8 58. Rf6 Re8 59. Rg6 Rd8 60. Rg8+ Rxg8 61. hxg8=Q+ Kxg8 1/2-1/2


[Site "https://www.chess.com"]

[Event "Titled Tuesday Blitz February 07 Late 2023"]
[White "Gardezi, Arsal"]
[Black "Sonnenschein, Philipp"]
[WhiteFideId "30949521"]
[BlackFideId "16250877"]
[WhiteElo "2093"]
[BlackElo "2224"]
[Result "1/2-1/2"]
[Round "03"]
[TimeControl "180+2"]
[Date "2023.02.07"]
[WhiteClock "0:01:00"]
[BlackClock "0:01:15"]

1. Nf3 g6 2. g3 Bg7 3. Bg2 e5 4. O-O d5 5. d3 c5 6. Nbd2 Nc6 7. e4 d4 8. Re1 Nge7 9. a4 O-O 10. Nc4 Qc7 11. c3 h6 12. Bd2 Be6 13. Na3 Rfd8 14. Qc2 Rac8 15. Rac1 Qb8 16. Qb1 a6 17. b4 dxc3 18. Bxc3 cxb4 19. Bxb4 Nxb4 20. Qxb4 Nc6 21. Qb1 Qd6 22. Qxb7 Rc7 23. Qxa6 Qxa3 24. Rxc6 Rxc6 25. Qxc6 Qxd3 26. a5 Bg4 27. Qc7 Re8 28. Re3 Qd1+ 29. Re1 Qd3 30. Re3 Qd1+ 31. Re1 Qd3 1/2-1/2


[Site "https://www.chess.com"]

[Event "Titled Tuesday Blitz February 07 Late 2023"]
[White "Krishnan, Varun"]
[Black "Toktomushev, Teimur"]
[WhiteFideId "5054508"]
[BlackFideId "14176726"]
[WhiteElo "2341"]
[BlackElo "2239"]
[Result "0-1"]
[Round "03"]
[TimeControl "180+2"]
[Date "2023.02.07"]
[WhiteClock "0:00:02"]
[BlackClock "0:00:02"]

1. e4 c5 2. Nf3 e6 3. d4 cxd4 4. Nxd4 a6 5. Bd3 Bc5 6. Nb3 Ba7 7. Qg4 Nf6 8. Qe2 Nc6 9. Nc3 O-O 10. e5 Ne8 11. Bf4 f6 12. exf6 Nxf6 13. O-O-O d5 14. Bg5 Qc7 15. Kb1 Bd7 16. h4 b5 17. Rh3 b4 18. Na4 Nd4 19. Nxd4 Bxd4 20. Rg3 Bxa4 21. Bh6 Rf7 22. Qxe6 Kh8 23. Bf4 Qd7 24. Qe2 Re8 25. Qf3 Ne4 26. Bxe4 dxe4 27. Qh5 Rxf4 28. Re3 Rxf2 29. Rg3 Rd2 0-1


[Site "https://www.chess.com"]

[Event "Titled Tuesday Blitz February 07 Late 2023"]
[White "Vaglio Munoz, Jaime"]
[Black "Rangel, Daniel"]
[WhiteFideId "6500145"]
[BlackFideId "2124475"]
[WhiteElo "2174"]
[BlackElo "2207"]
[Result "0-1"]
[Round "03"]
[TimeControl "180+2"]
[Date "2023.02.07"]
[WhiteClock "0:00:25"]
[BlackClock "0:01:33"]

1. d4 Nf6 2. c4 e6 3. a3 d5 4. Nf3 c6 5. b4 dxc4 6. e4 Nxe4 7. Bxc4 a5 8. b5 Nd6 9. bxc6 Nxc6 10. Bd3 Be7 11. O-O O-O 12. Re1 Bf6 13. Bc2 Nf5 14. Bxf5 exf5 15. Bb2 Be6 16. Ne5 a4 17. Nxc6 bxc6 18. Qf3 Bxd4 19. Rd1 Bxb2 20. Rxd8 Rfxd8 21. h4 Bxa1 22. Nc3 Bxc3 23. Qxc3 Rdc8 24. h5 h6 25. Qc5 Rab8 26. f3 Bd5 27. g4 fxg4 28. fxg4 Re8 29. g5 Re2 30. Kf1 Rg2 31. Qc1 Rxg5 32. Kf2 Rb3 33. Qc5 Rg2+ 34. Ke1 Rb1+ 0-1


[Site "https://www.chess.com"]

[Event "Titled Tuesday Blitz February 07 Late 2023"]
[White "Tinmaz, Kerem"]
[Black "Slade, Theodore"]
[WhiteFideId "44559151"]
[BlackFideId "426547"]
[WhiteElo "2177"]
[BlackElo "1995"]
[Result "1-0"]
[Round "03"]
[TimeControl "180+2"]
[Date "2023.02.07"]
[WhiteClock "0:00:45"]
[BlackClock "0:00:20"]

1. e4 e5 2. Nf3 Nc6 3. Bb5 Nf6 4. O-O Nxe4 5. Re1 Nd6 6. Nxe5 Be7 7. Bf1 Nxe5 8. Rxe5 O-O 9. d4 Bf6 10. Re1 Re8 11. Rxe8+ Nxe8 12. c3 d5 13. Nd2 Bf5 14. Nf3 Nd6 15. Bf4 c6 16. Bd3 Bxd3 17. Qxd3 Ne4 18. Nd2 Nxd2 19. Qxd2 Qd7 20. Re1 Re8 21. Re3 h6 22. Qe2 Rxe3 23. Qxe3 h5 24. h3 g6 25. Be5 Bxe5 26. Qxe5 a6 27. a4 Qd8 28. b4 Kh7 29. f4 Qd7 30. Kh2 Qd8 31. f5 Qd7 32. f6 Qe6 33. Qxe6 fxe6 34. Kg3 g5 35. h4 g4 36. Kf4 Kg6 37. f7 Kxf7 38. Kg5 b6 39. Kxh5 c5 40. bxc5 bxc5 41. Kxg4 cxd4 42. cxd4 Kf6 43. Kf4 1-0


[Site "https://www.chess.com"]

[Event "Titled Tuesday Blitz February 07 Late 2023"]
[White "Stolz, Mike"]
[Black "Marczuk, Dominik"]
[WhiteFideId "4617134"]
[BlackFideId "1111264"]
[WhiteElo "2330"]
[BlackElo "2253"]
[Result "1/2-1/2"]
[Round "03"]
[TimeControl "180+2"]
[Date "2023.02.07"]
[WhiteClock "0:00:18"]
[BlackClock "0:00:04"]

1. e4 c5 2. Nf3 d6 3. Bb5+ Bd7 4. Bxd7+ Nxd7 5. Kf1 Ngf6 6. d3 g6 7. Nc3 Bg7 8. g3 O-O 9. Kg2 Rb8 10. h3 b5 11. Be3 b4 12. Ne2 Qc7 13. Qd2 d5 14. exd5 Nxd5 15. Bh6 Bxb2 16. Bxf8 Bxa1 17. Bxe7 Bg7 18. Bg5 Re8 19. Nf4 N5f6 20. Re1 Rxe1 21. Qxe1 h6 22. Bxf6 Nxf6 23. Qe5 Qc6 24. Qb8+ Kh7 25. Qxa7 Nd7 26. Ne2 g5 27. g4 Qd5 28. Qa6 Ne5 29. Ng1 Ng6 30. Qc4 Nh4+ 31. Kf1 Qd6 32. Nxh4 gxh4 33. Qe4+ Kg8 34. Qe8+ Kh7 35. Qe4+ Kg8 36. Ne2 Bf6 37. Qe8+ Kg7 38. Qe4 Qa6 39. Qc4 Qc6 40. Qe4 Qd6 41. f4 Qa6 42. Qc4 Qc6 43. Qe4 Qa6 44. Qc4 Qc6 45. Qe4 Qa6 1/2-1/2


[Site "https://www.chess.com"]

[Event "Titled Tuesday Blitz February 07 Late 2023"]
[White "Mortazavi, Ali"]
[Black "Djabri,Massinas"]
[WhiteFideId "401323"]
[BlackFideId "7905726"]
[WhiteElo "2333"]
[BlackElo "2231"]
[Result "1-0"]
[Round "03"]
[TimeControl "180+2"]
[Date "2023.02.07"]
[WhiteClock "0:00:14"]
[BlackClock "0:00:05"]

1. e4 c5 2. Nc3 e6 3. Nf3 Nc6 4. g3 d5 5. exd5 exd5 6. Bg2 d4 7. Ne2 Nf6 8. O-O Be7 9. d3 O-O 10. Nf4 Re8 11. Re1 Bf8 12. Bd2 Rxe1+ 13. Qxe1 Qb6 14. b3 Bg4 15. h3 Re8 16. Qf1 Bc8 17. Re1 Qd8 18. a3 h6 19. g4 g5 20. Ne2 Bd6 21. Ng3 Bxg3 22. fxg3 Rxe1 23. Qxe1 Qd6 24. b4 Nd5 25. Qe8+ Qf8 26. Qxf8+ Kxf8 27. bxc5 Be6 28. Kf2 Nc7 29. h4 Bxg4 30. hxg5 h5 31. Bf4 Ne6 32. Ne5 Na5 33. g6 Bd1 34. gxf7 Nxf4 35. gxf4 Bxc2 36. Bd5 Kg7 37. Nd7 1-0


[Site "https://www.chess.com"]

[Event "Titled Tuesday Blitz February 07 Late 2023"]
[White "Floresvillar Gonzalez, Luis Migu"]
[Black "Bas Mas, Jose Joaquin"]
[WhiteFideId "5100542"]
[BlackFideId "22219064"]
[WhiteElo "2043"]
[BlackElo "2197"]
[Result "0-1"]
[Round "03"]
[TimeControl "180+2"]
[Date "2023.02.07"]
[WhiteClock "0:00:03"]
[BlackClock "0:00:23"]

1. d4 Nf6 2. c3 d5 3. Bg5 e6 4. Nd2 Nbd7 5. f4 Be7 6. Bxf6 Nxf6 7. e3 O-O 8. Bd3 c5 9. Qb1 a5 10. Ngf3 a4 11. O-O a3 12. b3 Qa5 13. Qc1 Bd7 14. Ne5 Rfc8 15. Nxd7 Nxd7 16. Qb1 Nf8 17. Rc1 cxd4 18. b4 Qc7 19. cxd4 Qxc1+ 20. Qxc1 Rxc1+ 21. Rxc1 Bxb4 22. Nb3 g6 23. Rc7 Rb8 24. Kf2 h5 25. Ke2 Kg7 26. h3 Nh7 27. g4 hxg4 28. hxg4 Nf6 29. g5 Ne8 30. Rd7 Nd6 31. Nc5 Bxc5 32. dxc5 Nf5 33. Bxf5 gxf5 34. Kd3 Kf8 35. Kc3 Ke8 36. Rc7 b6 37. c6 Ra8 38. Rb7 Ra4 39. Rxb6 Ke7 40. Rb7+ Kd6 41. Rxf7 Kxc6 42. g6 Ra8 43. g7 Rg8 44. Kb4 d4 45. exd4 Kd5 46. Rd7+ Ke4 47. Kxa3 Kxf4 48. Kb4 Ke4 49. a4 f4 50. a5 f3 51. a6 f2 52. Rf7 Rxg7 53. Rxf2 Kxd4 54. Kb5 e5 55. Kb6 e4 56. a7 Rxa7 57. Kxa7 e3 58. Rf1 Kd3 59. Kb6 e2 60. Rh1 Kd2 61. Kc5 e1=Q 62. Rf1 Qxf1 0-1


[Site "https://www.chess.com"]

[Event "Titled Tuesday Blitz February 07 Late 2023"]
[White "Ward, Ieuan C"]
[Black "Kazmaier, Daniel"]
[WhiteFideId "406627"]
[BlackFideId "2606089"]
[WhiteElo "2028"]
[BlackElo "2171"]
[Result "0-1"]
[Round "03"]
[TimeControl "180+2"]
[Date "2023.02.07"]
[WhiteClock "0:00:02"]
[BlackClock "0:01:15"]

1. d4 f5 2. c4 Nf6 3. Nc3 e6 4. Nf3 Be7 5. g3 O-O 6. Bg2 d6 7. O-O Qe8 8. b3 Qh5 9. Bb2 Nc6 10. e3 e5 11. dxe5 dxe5 12. Nd5 e4 13. Nxe7+ Nxe7 14. Nd4 Qh6 15. Nb5 c5 16. Qd6 Ng4 17. Qxh6 Nxh6 18. Ba3 b6 19. b4 cxb4 20. Bxb4 Rf7 21. f3 Nc6 22. Bd6 exf3 23. Bxf3 Bb7 24. Bd5 Rd8 25. Rad1 a6 26. Nc7 Rxd6 27. Bxf7+ Nxf7 28. Nd5 g6 29. Nxb6 Re6 30. Rf2 Nce5 31. Nd5 Nxc4 32. Rc2 Bxd5 33. Rxd5 Nxe3 34. Rc8+ Kg7 35. Rd7 Ng4 36. Rcc7 Re1+ 37. Kg2 Ne5 38. Re7 Re2+ 39. Kh3 Kf6 40. Re8 g5 0-1


[Site "https://www.chess.com"]

[Event "Titled Tuesday Blitz February 07 Late 2023"]
[White "Mesa Cruz, Juan Carlos"]
[Black "Zampronha, Wladimir Camilo"]
[WhiteFideId "6423400"]
[BlackFideId "2103087"]
[WhiteElo "2122"]
[BlackElo "2176"]
[Result "1-0"]
[Round "03"]
[TimeControl "180+2"]
[Date "2023.02.07"]
[WhiteClock "0:01:53"]
[BlackClock "0:00:34"]

1. e4 c5 2. Nf3 e6 3. c3 Nf6 4. e5 Nd5 5. Bc4 Nb6 6. Bb3 c4 7. Bc2 Nc6 8. O-O g5 9. d4 cxd3 10. Qxd3 g4 11. Ng5 Nxe5 12. Qg3 f6 13. f4 fxg5 14. fxe5 Qe7 15. Qxg4 Qc5+ 16. Kh1 Qxe5 17. Qh5+ Kd8 18. Bxg5+ Be7 19. Bxe7+ Kxe7 20. Qxe5 1-0


[Site "https://www.chess.com"]

[Event "Titled Tuesday Blitz February 07 Late 2023"]
[White "Silva, Pedro Gil Ferreira Da"]
[Black "Barash, Anton"]
[WhiteFideId "1946102"]
[BlackFideId "30935229"]
[WhiteElo "2227"]
[BlackElo "2074"]
[Result "1-0"]
[Round "03"]
[TimeControl "180+2"]
[Date "2023.02.07"]
[WhiteClock "0:00:52"]
[BlackClock "0:00:48"]

1. c4 e5 2. Nc3 Nf6 3. Nf3 Nc6 4. e4 Bc5 5. Nxe5 Nxe5 6. d4 Ng6 7. dxc5 O-O 8. Bd3 Qe7 9. Be3 Ne5 10. O-O Nxd3 11. Qxd3 Ng4 12. Bd4 Ne5 13. Bxe5 Qxe5 14. Qd5 Qe7 15. Rad1 Re8 16. Rfe1 a5 17. h3 Ra6 18. Qd4 Rc6 19. Nd5 Qxc5 20. b3 d6 21. Qd2 Be6 22. Qg5 Kh8 23. Re3 h6 24. Qf4 Ra6 25. Rg3 a4 26. Rdd3 axb3 27. axb3 Qc6 28. Rxg7 1-0


[Site "https://www.chess.com"]

[Event "Titled Tuesday Blitz February 07 Late 2023"]
[White "Ardila, Oscar Humberto"]
[Black "Haszon, David"]
[WhiteFideId "4404742"]
[BlackFideId "733610"]
[WhiteElo "1982"]
[BlackElo "2264"]
[Result "1-0"]
[Round "03"]
[TimeControl "180+2"]
[Date "2023.02.07"]
[WhiteClock "0:00:22"]
[BlackClock "0:00:04"]

1. d4 Nf6 2. Nf3 e6 3. g3 b6 4. Bg2 Bb7 5. O-O d5 6. Bg5 Be7 7. Nbd2 h6 8. Bxf6 Bxf6 9. c3 Nd7 10. Re1 c5 11. e3 O-O 12. Rc1 Qe7 13. e4 cxd4 14. Nxd4 Bxd4 15. cxd4 dxe4 16. Bxe4 Bxe4 17. Nxe4 Nf6 18. f3 Rfd8 19. Qd2 Rd7 20. Qe3 Rad8 21. Red1 Nxe4 22. fxe4 Qb4 23. Qc3 Qa4 24. b3 Qxa2 25. Ra1 Qe2 26. Re1 Qg4 27. Rad1 a5 28. h3 Qxh3 29. Re3 Qg4 30. Rd2 Qg5 31. Kg2 Qb5 32. Rf3 Qb4 33. Qxb4 axb4 34. Rfd3 Rc8 35. Kf3 b5 36. Ke3 Rc1 37. d5 exd5 38. exd5 Rd6 39. Kd4 f6 40. Re2 Rc7 41. Re8+ Kf7 42. Rb8 Rc3 43. Rxb5 Rxd3+ 44. Kxd3 g5 45. Ke4 Kg6 46. Rxb4 h5 47. Rc4 Rb6 48. b4 g4 49. Kf4 Rb5 50. Rd4 Rb7 51. d6 Rd7 52. b5 f5 53. Rd5 Ra7 54. d7 Ra4+ 55. Ke5 Re4+ 56. Kd6 f4 57. d8=Q fxg3 58. Qg5+ Kf7 59. Rf5+ 1-0


[Site "https://www.chess.com"]